 Dungeon Crawl Stone Soup version 0.23-a0-419-g0174fd80c1 (webtiles) character file.

35 Naru the Charmwright (level 3, -2/30 HPs)
             Began as a Draconian Skald on Nov 14, 2018.
             Killed from afar by an orc wizard (10 damage)
             ... with a magic dart
             ... on level 2 of the Dungeon.
             The game lasted 00:02:09 (1275 turns).

Naru the Charmwright (Draconian Skald)              Turns: 1275, Time: 00:02:09

Health: -2/30      AC:  5    Str: 14    XL:     3   Next: 17%
Magic:  0/6        EV: 12    Int: 13    God:
Gold:   26         SH:  0    Dex: 10    Spells: 5/6 levels left

rFire    . . .     SeeInvis .   a - +0 falchion
rCold    . . .     Gourm    .   (no shield)
rNeg     . . .     Faith    .   (armour unavailable)
rPois    .         Spirit   .   (helmet restricted)
rElec    .         Reflect  .   (no cloak)
rCorr    .         Harm     .   (no gloves)
MR       .....                  (no boots)
Stlth    +.........             (no amulet)
HPRegen  0.10/turn              (no ring)
MPRegen  0.10/turn              (no ring)

@: infused
A: unfitting armour, cold-blooded, AC +5
a: no special abilities


You were on level 2 of the Dungeon.
You were hungry.

You visited 1 branch of the dungeon, and saw 2 of its levels.

You collected 26 gold pieces.

Inventory:

Hand Weapons
 a - a +0 falchion (weapon)
Missiles
 f - 20 bolts
 h - 52 stones (quivered)
Scrolls
 b - a scroll of teleportation {unknown}
 d - 2 scrolls of noise {unknown}
 e - a scroll of magic mapping {unknown}
 g - a scroll of identify {unknown}
 i - a scroll of random uselessness {unknown}
Potions
 j - a potion of berserk rage {unknown}
Comestibles
 c - a ration


   Skills:
 * Level 2.5 Fighting
 * Level 2.6 Long Blades
 + Level 2.4 Dodging
 + Level 2.1 Spellcasting
 + Level 3.0 Charms


You had 5 spell levels left.
You knew the following spells:

 Your Spells              Type           Power        Failure   Level  Hunger
a - Infusion              Chrm           #...         8%          1    ##.....

Your spell library contained the following spells:

 Spells                   Type           Power        Failure   Level  Hunger
 Song of Slaying          Chrm           #.......     11%         2    ###....
 Shroud of Golubria       Chrm/Tloc      #.........   21%         2    ###....
 Regeneration             Chrm/Necr      #.........   38%         3    ####...
 Spectral Weapon          Hex/Chrm       #.......     38%         3    ####...


Dungeon Overview and Level Annotations

Branches:
Dungeon (2/15)

Altars:
Qazlal

Annotations:
D:2 2 transporters


Innate Abilities, Weirdness & Mutations

Your plain brown scales are hard. (AC +5)
You cannot fit into any form of body armour.
You are cold-blooded and may be slowed by cold attacks.


Message History

The orc wizard misses you.
You closely miss the orc wizard.
The orc wizard is heavily wounded.
The orc wizard points at you and mumbles some strange words.
The magic dart hits you!
* * * LOW HITPOINT WARNING * * *
You hit the orc wizard.
Your tail-slap misses the orc wizard.
The orc wizard is heavily wounded.
The orc wizard hits you but does no damage.
You hit the orc wizard.
The orc wizard is severely wounded.
The orc wizard gestures wildly while chanting.
The orc wizard blinks!
The orc priest begins to cast a cantrip, but forgets the words!
You closely miss the orc wizard.
The orc wizard is severely wounded.
The orc wizard hits you but does no damage.
The orc wizard casts a spell at you. The magic dart hits you!
You die...

#. #.#...........#.#
####.##.#zZ..z.....©#.#
........#############.#
... #........©.......#
#...#.#..###...#......
#.............##.....#
.
#..####.########.#..##
....#lS####.# #.##.#
_....Kgoo@..# #.##.##
....#so###### #...... .
#.. ####.## #.# ##.# #.
#..# %. #.## #. #.# ##
#.# #.# #.# #.#


You could see an orc priest, an orc wizard, an adder, an orc, a giant cockroach,
a hobgoblin, a kobold and a frilled lizard.

Vanquished Creatures
  A dart slug (D:1)
  An orc (D:2)
  A ball python (D:1)
  4 bats (D:1)
  2 giant cockroaches
  2 goblins (D:1)
  5 hobgoblins (D:1)
  A frilled lizard (D:1)
  7 kobolds (D:1)
  5 rats
29 creatures vanquished.

Notes
Turn   | Place    | Note
-------+----------+-------------------------------------------
     0 | D:1      | Naru the Draconian Skald began the quest for the Orb.
     0 | D:1      | Reached XP level 1. HP: 17/17 MP: 3/3
   166 | D:1      | Reached XP level 2. HP: 25/25 MP: 5/5
   522 | D:1      | Reached skill level 3 in Charms
   865 | D:1      | Reached XP level 3. HP: 27/30 MP: 6/6
  1235 | D:2      | Found a transporter.
  1240 | D:2      | Found a transporter.
  1254 | D:2      | Found a stormy altar of Qazlal.
  1275 | D:2      | Killed from afar by an orc wizard

Vault maps used:
D:1:      evilmike_arrival_hilbert_curve, minmay_pentomino_x4
D:2:      gammafunk_temple_of_torment, old_standard_altar, lemuel_round_altar,
          uniq_jessica

Skill      XL: |  1  2 |
---------------+-------+-----
Charms         | 3 |  3.0
Fighting       | |  2.5
Long Blades    | |  2.6
Dodging        | |  2.4
Spellcasting   | |  2.1

Action                   || total
-------------------------++-------
Melee: Falchion          ||   107
       Tailslap          ||    12
 Cast: Infusion          ||     7
  Eat: Chunk             ||     1
Armor: Skin              ||    41
Dodge: Dodged            ||    72
       Rpst.: Falchion   ||    18

Table legend:
 A = Non-vault XP
 B = Vault XP
 C = Vault XP percentage of total XP
 D = Non-vault monster count
 E = Vault monster count
 F = Vault count percentage of total count
                 A         B        C        D         E       F
            +---------+---------+-------+---------+---------+-------
      Total |      47 |       4 |   7.8 |      27 |       2 |   6.9
            +---------+---------+-------+---------+---------+-------
        D:1 |      40 |       4 |   9.1 |      23 |       2 |   8.0
        D:2 |       7 |       0 |   0.0 |       4 |       0 |   0.0
            +---------+---------+-------+---------+---------+-------
